TOP OF THE 1ST |
Temiskaming District Secondary School Saints batting - Pitching for Broken Arrow HS : LHP Jason Dean
|
Pitching: LHP Jason Dean
|
|
Batting: RHB George Gardner
|
0-0: Ball 1-0: Ball 2-0: Foul Ball, location: 2F 2-1: Ball 3-1: Foul Ball, location: 2F 3-2: Ground out 6-3 (Groundball, 6)
|
Batting: RHB Beau McNeill
|
0-0: Ball 1-0: Called Strike 1-1: SINGLE (Groundball, 6MD)
|
Batting: RHB Fred Moulds
|
0-0: Called Strike 0-1: Ball 1-1: Swinging Strike 1-2: Foul Ball, location: 2F 1-2: Ball Beau McNeill steals 2nd base 2-2: Ball 3-2: Strikes out swinging
|
Batting: RHB Walt Miller
|
0-0: Ball 1-0: Ball 2-0: Ground out 4-3 (Groundball, 4)
|
Top of the 1st over - 0 run(s), 1 hit(s), 0 error(s), 1 left on base; Temiskaming District Secondary School 0 - Broken Arrow HS 0 |
BOTTOM OF THE 1ST |
Broken Arrow HS batting - Pitching for Temiskaming District Secondary School Saints : LHP David Rodríguez
|
Pitching: LHP David Rodríguez
|
|
Batting: LHB José Esparza
|
0-0: Ball 1-0: Ball 2-0: Called Strike 2-1: Ball 3-1: Foul Ball, location: 2F 3-2: Strikes out looking
|
Batting: SHB Pedro Sousa
|
0-0: Foul Ball, location: 2F 0-1: Ball 1-1: Foul Ball, location: 2F 1-2: Ground out 5-3 (Groundball, 5)
|
Batting: RHB Jon Bush
|
0-0: Ball 1-0: Swinging Strike Single, Error in OF, E9, batter to second base
|
Batting: RHB George Green
|
0-0: Called Strike 0-1: Foul Ball, location: 2F 0-2: Ball 1-2: Fly out, F5 (Popup, 5F)
|
Bottom of the 1st over - 0 run(s), 1 hit(s), 1 error(s), 1 left on base; Temiskaming District Secondary School 0 - Broken Arrow HS 0 |
TOP OF THE 2ND |
Temiskaming District Secondary School Saints batting - Pitching for Broken Arrow HS : LHP Jason Dean
|
Batting: LHB Carlos Músquez
|
0-0: Called Strike 0-1: Foul Ball, location: 2F 0-2: Ball 1-2: Strikes out swinging
|
Batting: RHB Bob Ferguson
|
0-0: Ground out 6-3 (Groundball, 6M)
|
Batting: RHB John Weber
|
0-0: Ball 1-0: Swinging Strike 1-1: Foul Ball, location: 2F 1-2: Strikes out swinging
|
Top of the 2nd over - 0 run(s), 0 hit(s), 0 error(s), 0 left on base; Temiskaming District Secondary School 0 - Broken Arrow HS 0 |
BOTTOM OF THE 2ND |
Broken Arrow HS batting - Pitching for Temiskaming District Secondary School Saints : LHP David Rodríguez
|
Batting: RHB David Adams
|
0-0: Called Strike 0-1: SINGLE (Groundball, 56)
|
Batting: LHB António Chávez
|
0-0: Ball 1-0: Swinging Strike 1-1: Ball 2-1: Swinging Strike 2-2: Strikes out looking
|
Batting: SHB Philippe Paquin
|
0-0: Called Strike 0-1: Swinging Strike 0-2: Ball 1-2: Ball 2-2: Strikes out looking
|
Batting: RHB Ronnie Starr
|
0-0: Fly out, F4 (Popup, 34D)
|
Bottom of the 2nd over - 0 run(s), 1 hit(s), 0 error(s), 1 left on base; Temiskaming District Secondary School 0 - Broken Arrow HS 0 |
TOP OF THE 3RD |
Temiskaming District Secondary School Saints batting - Pitching for Broken Arrow HS : LHP Jason Dean
|
Batting: RHB Elliott Short
|
0-0: Ground out 4-3 (Groundball, 4)
|
Batting: SHB Stanley Ryan
|
0-0: Called Strike 0-1: Ball 1-1: Ball 2-1: Foul Ball, location: 2F 2-2: Strikes out swinging
|
Batting: RHB George Gardner
|
0-0: Ball 1-0: Swinging Strike 1-1: Ball 2-1: Ball 3-1: Called Strike 3-2: Ground out 1-3 (Groundball, 15)
|
Top of the 3rd over - 0 run(s), 0 hit(s), 0 error(s), 0 left on base; Temiskaming District Secondary School 0 - Broken Arrow HS 0 |
BOTTOM OF THE 3RD |
Broken Arrow HS batting - Pitching for Temiskaming District Secondary School Saints : LHP David Rodríguez
|
Batting: RHB Chris Lancaster
|
0-0: Called Strike 0-1: Fly out, F2 (Popup, 23F)
|
Batting: LHB José Esparza
|
0-0: Ball 1-0: Ball 2-0: Swinging Strike 2-1: Ball 3-1: Base on Balls
|
Batting: SHB Pedro Sousa
|
0-0: Called Strike 0-1: Ball 1-1: Ball 2-1: Ball 3-1: Foul Ball, location: 2F 3-2: Base on Balls José Esparza to second
|
Batting: RHB Jon Bush
|
0-0: Called Strike 0-1: 3-RUN HOME RUN (Flyball, 78XD), Distance : 413 ft
|
Batting: RHB George Green
|
0-0: Called Strike 0-1: Ground out 5-3 (Groundball, 5S)
|
Batting: RHB David Adams
|
0-0: Fly out, F7 (Line Drive, 7S)
|
Bottom of the 3rd over - 3 run(s), 1 hit(s), 0 error(s), 0 left on base; Temiskaming District Secondary School 0 - Broken Arrow HS 3 |
TOP OF THE 4TH |
Temiskaming District Secondary School Saints batting - Pitching for Broken Arrow HS : LHP Jason Dean
|
Batting: RHB Beau McNeill
|
0-0: Ground out 6-3 (Groundball, 6)
|
Batting: RHB Fred Moulds
|
0-0: Ball 1-0: Ball 2-0: Ball 3-0: Called Strike 3-1: Called Strike 3-2: SOLO HOME RUN (Line Drive, 89XD), Distance : 411 ft
|
Batting: RHB Walt Miller
|
0-0: Foul Ball, location: 2F 0-1: Swinging Strike 0-2: Ball 1-2: Ball 2-2: Foul Ball, location: 2F 2-2: Strikes out looking
|
Batting: LHB Carlos Músquez
|
0-0: Called Strike 0-1: Ball 1-1: Ball 2-1: Foul Ball, location: 2F 2-2: Strikes out swinging
|
Top of the 4th over - 1 run(s), 1 hit(s), 0 error(s), 0 left on base; Temiskaming District Secondary School 1 - Broken Arrow HS 3 |
BOTTOM OF THE 4TH |
Broken Arrow HS batting - Pitching for Temiskaming District Secondary School Saints : LHP David Rodríguez
|
Batting: LHB António Chávez
|
0-0: Ball 1-0: Called Strike 1-1: Ball 2-1: Ball 3-1: Base on Balls
|
Batting: SHB Philippe Paquin
|
0-0: SINGLE (Flyball, 9LM) António Chávez to second Runner from 2nd tries for 3rd, SAFE, throw made to third
|
Batting: RHB Ronnie Starr
|
0-0: Fly out, F4 (Popup, 4)
|
Batting: RHB Chris Lancaster
|
0-0: Ball 1-0: Called Strike 1-1: Ball 2-1: 3-RUN HOME RUN (Flyball, 9LD), Distance : 343 ft
|
Batting: LHB José Esparza
|
0-0: Ball 1-0: Foul Ball, location: 2F 1-1: Ball 2-1: Foul Ball, location: 2F 2-2: Ball 3-2: Base on Balls
|
Batting: SHB Pedro Sousa
|
0-0: Called Strike 0-1: Ball 1-1: Foul Ball, location: 2F 1-2: Ball 2-2: Foul Ball, location: 2F 2-2: Ball 3-2: Foul Ball, location: 2F 3-2: Base on Balls José Esparza to second
|
Batting: RHB Jon Bush
|
0-0: Called Strike 0-1: Ball 1-1: Ball José Esparza is caught stealing 3rd base Pedro Sousa to second 2-1: Foul Ball, location: 2F 2-2: Strikes out swinging
|
Bottom of the 4th over - 3 run(s), 2 hit(s), 0 error(s), 1 left on base; Temiskaming District Secondary School 1 - Broken Arrow HS 6 |
TOP OF THE 5TH |
Temiskaming District Secondary School Saints batting - Pitching for Broken Arrow HS : LHP Jason Dean
|
Batting: RHB Bob Ferguson
|
0-0: Called Strike 0-1: Ball 1-1: Called Strike 1-2: Foul Ball, location: 2F 1-2: SINGLE (Groundball, 56D)
|
Batting: RHB John Weber
|
0-0: Called Strike 0-1: Foul Ball, location: 2F 0-2: Foul Ball, location: 2F 0-2: Strikes out swinging
|
Batting: RHB Elliott Short
|
0-0: Fly out, F7 (Flyball, 7LM)
|
Batting: SHB Stanley Ryan
|
0-0: Ball 1-0: Ball 2-0: Ball 3-0: Called Strike 3-1: Foul Ball, location: 2F 3-2: Strikes out swinging
|
Top of the 5th over - 0 run(s), 1 hit(s), 0 error(s), 1 left on base; Temiskaming District Secondary School 1 - Broken Arrow HS 6 |
BOTTOM OF THE 5TH |
Broken Arrow HS batting - Pitching for Temiskaming District Secondary School Saints : LHP David Rodríguez
|
Batting: RHB George Green
|
0-0: Swinging Strike 0-1: Ball 1-1: SOLO HOME RUN (Flyball, 78XD), Distance : 438 ft
|
Pitching: RHP Kenneth Williams
|
|
Batting: RHB David Adams
|
0-0: Ball 1-0: Called Strike 1-1: SOLO HOME RUN (Flyball, 7D), Distance : 378 ft
|
Batting: LHB António Chávez
|
0-0: Ball 1-0: Ball 2-0: Ball 3-0: Called Strike 3-1: Called Strike 3-2: Base on Balls
|
Batting: SHB Philippe Paquin
|
0-0: Called Strike 0-1: Ball 1-1: Called Strike 1-2: Ball 2-2: Ball 3-2: Strikes out looking
|
Batting: RHB Ronnie Starr
|
0-0: Ball 1-0: Ball 2-0: SINGLE (Line Drive, 8LS) António Chávez to second
|
Batting: RHB Chris Lancaster
|
0-0: Foul Ball, location: 2F 0-1: Ball 1-1: Ball 2-1: Foul Ball, location: 2F 2-2: Foul Ball, location: 2F 2-2: Ball 3-2: Base on Balls António Chávez to third Ronnie Starr to second
|
Batting: LHB José Esparza
|
0-0: Fly out, F7 (Popup, 6D)
|
Batting: SHB Pedro Sousa
|
0-0: Called Strike 0-1: Ball 1-1: Foul Ball, location: 2F 1-2: Foul Ball, location: 2F 1-2: Fly out, F5 (Popup, 5F)
|
Bottom of the 5th over - 2 run(s), 3 hit(s), 0 error(s), 3 left on base; Temiskaming District Secondary School 1 - Broken Arrow HS 8 |
TOP OF THE 6TH |
Temiskaming District Secondary School Saints batting - Pitching for Broken Arrow HS : LHP Jason Dean
|
Now in CF: Dennis Montgomery
|
|
Batting: RHB George Gardner
|
0-0: Ball 1-0: Ball 2-0: Ground out 5-3 (Groundball, 5S)
|
Batting: RHB Beau McNeill
|
0-0: Swinging Strike 0-1: Ball 1-1: SINGLE (Line Drive, 7S)
|
Pitching: RHP Travis Weston
|
|
Batting: RHB Fred Moulds
|
0-0: Foul Ball, location: 2F 0-1: Fly out, F2 (Popup, 2R)
|
Batting: RHB Walt Miller
|
0-0: Ball 1-0: Ground out 1-3 (Groundball, 15)
|
Top of the 6th over - 0 run(s), 1 hit(s), 0 error(s), 1 left on base; Temiskaming District Secondary School 1 - Broken Arrow HS 8 |
BOTTOM OF THE 6TH |
Broken Arrow HS batting - Pitching for Temiskaming District Secondary School Saints : RHP Kenneth Williams
|
Batting: RHB Jon Bush
|
0-0: Called Strike 0-1: Called Strike 0-2: Ground out 6-3 (Groundball, 6)
|
Batting: RHB George Green
|
0-0: Ball 1-0: Fly out, F8 (Line Drive, 8LM)
|
Batting: RHB David Adams
|
0-0: Ball 1-0: Called Strike 1-1: Ball 2-1: SOLO HOME RUN (Flyball, 8RXD), Distance : 444 ft
|
Batting: LHB António Chávez
|
0-0: Ground out 4-3 (Groundball, 34)
|
Bottom of the 6th over - 1 run(s), 1 hit(s), 0 error(s), 0 left on base; Temiskaming District Secondary School 1 - Broken Arrow HS 9 |
TOP OF THE 7TH |
Temiskaming District Secondary School Saints batting - Pitching for Broken Arrow HS : RHP Travis Weston
|
Batting: LHB Carlos Músquez
|
0-0: Ball 1-0: Ball 2-0: Called Strike 2-1: Ball 3-1: Foul Ball, location: 2F 3-2: Base on Balls
|
Batting: RHB Bob Ferguson
|
0-0: Called Strike 0-1: Called Strike 0-2: SINGLE (Line Drive, 78S) Carlos Músquez to second
|
Batting: RHB John Weber
|
0-0: Called Strike 0-1: Ball 1-1: Foul Ball, location: 2F 1-2: Foul Ball, location: 2F 1-2: Ball 2-2: Foul Ball, location: 2F 2-2: Ball 3-2: Base on Balls Carlos Músquez to third Bob Ferguson to second
|
Batting: RHB Elliott Short
|
0-0: Foul Ball, location: 2F 0-1: Ball 1-1: Swinging Strike 1-2: Ball 2-2: Ball 3-2: Foul Ball, location: 2F 3-2: Strikes out looking
|
Batting: SHB Stanley Ryan
|
0-0: Called Strike 0-1: Ball 1-1: Ball 2-1: Fly out, F7 (Flyball, 78M) Throwing error, E7 Carlos Músquez scores Bob Ferguson to third John Weber to second
|
Batting: RHB George Gardner
|
0-0: Called Strike 0-1: Foul Ball, location: 2F 0-2: Reached on error, E6 (Groundball, 6M) Bob Ferguson scores John Weber to third
|
Batting: RHB Beau McNeill
|
0-0: Called Strike 0-1: SINGLE (Groundball, 56D) John Weber scores George Gardner to second
|
Batting: RHB Fred Moulds
|
0-0: Ball 1-0: Ball 2-0: Swinging Strike 2-1: Called Strike 2-2: Strikes out swinging
|
Top of the 7th over - 3 run(s), 2 hit(s), 2 error(s), 2 left on base; Temiskaming District Secondary School 4 - Broken Arrow HS 9 |
BOTTOM OF THE 7TH |
Broken Arrow HS batting - Pitching for Temiskaming District Secondary School Saints : RHP Kenneth Williams
|
Pitching: RHP Fernando Mata
|
|
Batting: LHB Dennis Montgomery
|
0-0: Ball 1-0: Ball 2-0: Ball 3-0: Base on Balls
|
Batting: RHB Ronnie Starr
|
0-0: Sac Bunt - play at first, batter OUT! 1-3 Dennis Montgomery to second
|
Batting: RHB Chris Lancaster
|
0-0: Ball 1-0: Ball 2-0: Ball 3-0: Called Strike 3-1: Base on Balls
|
Batting: LHB José Esparza
|
0-0: Foul Ball, location: 2F 0-1: SINGLE (Line Drive, 6M) Dennis Montgomery to third Chris Lancaster to second
|
Batting: SHB Pedro Sousa
|
0-0: Ball 1-0: Ball 2-0: Called Strike 2-1: Swinging Strike 2-2: Strikes out swinging
|
Batting: RHB Jon Bush
|
0-0: Ball 1-0: Called Strike 1-1: Called Strike 1-2: Strikes out swinging
|
Bottom of the 7th over - 0 run(s), 1 hit(s), 0 error(s), 3 left on base; Temiskaming District Secondary School 4 - Broken Arrow HS 9 |
TOP OF THE 8TH |
Temiskaming District Secondary School Saints batting - Pitching for Broken Arrow HS : RHP Travis Weston
|
Batting: RHB Walt Miller
|
0-0: Ball 1-0: Ball 2-0: Foul Ball, location: 2F 2-1: Foul Ball, location: 2F 2-2: Fly out, F9 (Popup, 3D)
|
Pitching: RHP Dave Spensley
|
|
Batting: LHB Carlos Músquez
|
0-0: Ground out U3 (Groundball, 3L)
|
Batting: RHB Bob Ferguson
|
0-0: Called Strike 0-1: Ball 1-1: Ball 2-1: Fly out, F6 (Popup, 6D)
|
Top of the 8th over - 0 run(s), 0 hit(s), 0 error(s), 0 left on base; Temiskaming District Secondary School 4 - Broken Arrow HS 9 |
BOTTOM OF THE 8TH |
Broken Arrow HS batting - Pitching for Temiskaming District Secondary School Saints : RHP Fernando Mata
|
Batting: RHB George Green
|
0-0: Ball 1-0: Foul Ball, location: 2F 1-1: SINGLE (Line Drive, 78S)
|
Batting: RHB David Adams
|
0-0: Foul Ball, location: 2F 0-1: Ball 1-1: Ball 2-1: Foul Ball, location: 2F 2-2: Ball 3-2: Ground out 3-1 (Groundball, 34) George Green to second
|
Batting: LHB António Chávez
|
0-0: Called Strike 0-1: Ball 1-1: Foul Ball, location: 2F 1-2: Foul Ball, location: 2F 1-2: Foul Ball, location: 2F 1-2: Ball 2-2: Strikes out swinging
|
Batting: LHB Dennis Montgomery
|
0-0: Ball 1-0: Fly out, F2 (Popup, 2LF)
|
Bottom of the 8th over - 0 run(s), 1 hit(s), 0 error(s), 1 left on base; Temiskaming District Secondary School 4 - Broken Arrow HS 9 |
TOP OF THE 9TH |
Temiskaming District Secondary School Saints batting - Pitching for Broken Arrow HS : RHP Dave Spensley
|
Batting: RHB John Weber
|
0-0: SINGLE (Line Drive, 8LS)
|
Batting: RHB Elliott Short
|
0-0: Fly out, F4 (Line Drive, 4)
|
Batting: SHB Stanley Ryan
|
0-0: Foul Ball, location: 2F 0-1: Ball 1-1: SINGLE (Line Drive, 6D) John Weber to second
|
Batting: RHB George Gardner
|
0-0: Called Strike 0-1: Ball 1-1: Foul Ball, location: 2F 1-2: Ball 2-2: Strikes out swinging
|
Batting: RHB Beau McNeill
|
0-0: Called Strike 0-1: Swinging Strike 0-2: Strikes out swinging
|
Top of the 9th over - 0 run(s), 2 hit(s), 0 error(s), 2 left on base; Temiskaming District Secondary School 4 - Broken Arrow HS 9 |
|